 Dungeon Crawl Stone Soup version 0.15.0-23-gc2b521c (webtiles) character file.

175 Johnny the Firebug (level 5, -3/38 HPs)
             Began as a Demigod Fire Elementalist on Sept 9, 2014.
             Slain by an ogre
             ... wielding a +0 giant spiked club
              (18 damage)
             ... on Level 3 of the Dungeon.
             The game lasted 00:10:30 (3822 turns).

Johnny the Firebug (Demigod Fire Elementalist)      Turns: 3822, Time: 00:10:31

HP  -3/38        AC  5     Str 11      XL: 5   Next:  7%
MP  13/13        EV  9     Int 21      God:
Gold 144         SH  0     Dex 17      Spells:  2 memorised,  6 levels left

rFire  . . .     SeeInvis .     t - +0 war axe
rCold  . . .     Clarity  .     s - +0 ring mail
rNeg   . . .     rCorr    +     (no shield)
rPois  .         rRot     .     (no helmet)
rElec  .         Spirit   .     (no cloak)
SustAb .         Warding  .     (no gloves)
rMut   .         Stasis   .     (no boots)
Gourm  .                        g - amulet of resist corrosion
MR     .....                    (no ring)
                                (no ring)

@: not resistant to hostile enchantments, unstealthy
A: no striking features
a: no special abilities


You were on level 3 of the Dungeon.
You were hungry.

You visited 1 branch of the dungeon, and saw 3 of its levels.

You collected 144 gold pieces.

Inventory:

Hand weapons
 t - a +0 war axe (weapon)
Armour
 s - a +0 ring mail (worn)
Comestibles
 c - 2 bread rations
 i - 2 beef jerkies
 o - 2 slices of pizza
 q - a fruit
Scrolls
 d - a scroll of enchant armour
 h - a scroll of fog
 k - 3 scrolls of remove curse
 l - a scroll of immolation
 n - 4 scrolls of teleportation
 r - 2 scrolls of enchant weapon {unknown}
Jewellery
 g - an amulet of resist corrosion (around neck)
Potions
 a - a potion of poison {unknown}
 e - a potion of might {unknown}
 j - 2 potions of curing {unknown}
 p - a potion of invisibility {unknown}
Books
 b - a book of Flames

   Spells                             Type                      Level
   *Flame Tongue                      Conjuration/Fire             1
   *Throw Flame                       Conjuration/Fire             2
   Conjure Flame                      Conjuration/Fire             3
   Inner Flame                        Hexes/Fire                   3
   Sticky Flame                       Conjuration/Fire             4
   Fireball                           Conjuration/Fire             5


   Skills:
 + Level 0.3 Armour
 + Level 3.0 Dodging
 + Level 2.5 Stealth
 * Level 2.9 Spellcasting
 + Level 1.8 Conjurations
 + Level 3.1 Fire Magic


You had 6 spell levels left.
You knew the following spells:

 Your Spells              Type           Power        Failure   Level  Hunger
a - Throw Flame           Conj/Fire      ##....       14%         2    ##.....
f - Flame Tongue          Conj/Fire      ##...        10%         1    None


Dungeon Overview and Level Annotations

Branches:
Dungeon (3/15)

Shops:
D:2 *


Message History

The ogre is moderately wounded.
The ogre hits you with a giant spiked club!
The ogre hits you with a giant spiked club!
* * * LOW HITPOINT WARNING * * *
Items here: % ))) [[
There is a stone staircase leading down here.
Drink which item? (? for menu, Esc to quit)
Okay, then.
Read which item? (? for menu, Esc to quit)
Okay, then.
You aren't carrying any items that can be evoked.
There is an open door here.
There is an open door here.
Things that are here:
3 tomahawks; a ring mail
There is an open door here.
You see here a tomahawk.
There is a stone staircase leading down here.
The ogre hits you with a giant spiked club!!
You die...

####...#######.#.....
#...# ######## #...#
#...#########
#............
#...######### ##...#
#.O..####.#
##@.........
##(.####.# #..# #..#
. #..# #.# ####..#
#.#.# #...g.# #.#.##.
#.....# #.....
#.....####.#.###.


You could see an ogre and a hobgoblin (wandering).

Vanquished Creatures
  An orc wizard (D:3)
  5 adders (D:2)
  An inept item mimic (D:2)
  A shadow imp (D:2)
  3 worms
  A giant gecko (D:1)
  An ooze (D:3)
  10 orcs (D:3)
  5 hobgoblins
  4 jackals (D:1)
  7 kobolds
  A quokka (D:2)
  5 bats
  4 giant cockroaches (D:1)
  2 giant newts
  8 goblins
  3 rats
62 creatures vanquished.

Notes
Turn   | Place    | Note
--------------------------------------------------------------
     0 | D:1      | Johnny, the Demigod Fire Elementalist, began the quest for the Orb.
     0 | D:1      | Reached XP level 1. HP: 14/14 MP: 3/3
   294 | D:1      | Reached skill level 1 in Conjurations
   660 | D:1      | Reached XP level 2. HP: 18/20 MP: 1/5
  1439 | D:2      | Found a bloodstained altar of Trog.
  1439 | D:2      | Found a shimmering altar of Xom.
  1439 | D:2      | Found a glowing golden altar of the Shining One.
  1439 | D:2      | Found a blossoming altar of Fedhas.
  1439 | D:2      | Found a deep blue altar of Sif Muna.
  1495 | D:2      | Found a burning altar of Makhleb.
  1543 | D:2      | Reached XP level 3. HP: 20/26 MP: 0/8
  1698 | D:2      | Learned a level 2 spell: Throw Flame
  2294 | D:2      | Found Zin's Purification Station.
  2294 | D:2      | Found a glowing silver altar of Zin.
  2308 | D:2      | Reached skill level 3 in Fire Magic
  2367 | D:2      | Reached XP level 4. HP: 27/33 MP: 0/11
  3486 | D:3      | Reached XP level 5. HP: 38/38 MP: 1/13
  3725 | D:3      | Noticed an ogre
  3822 | D:3      | Slain by an ogre

Action                   |  1- 3 |  4- 6 || total
-------------------------+-------+-------++-------
Melee: Unarmed           |     6 |       ||     6
       Short sword       |    28 |     5 ||    33
       War axe           |       |     8 ||     8
 Cast: Flame Tongue      |    44 |    32 ||    76
       Throw Flame       |    21 |    28 ||    49
  Use: Scroll            |     4 |     1 ||     5
 Stab: Sleeping          |     1 |       ||     1
  Eat: Chunk             |     4 |     1 ||     5
       Bread ration      |       |     1 ||     1
       Fruit             |       |     1 ||     1
